 Dungeon Crawl Stone Soup version 0.27-a0-869-g165b36e3f0 (webtiles) character file.

Game seed: 6368095612424573983

43 polve the Changer (level 3, -2/28 HPs)
             Began as a Draconian Transmuter on Apr 2, 2021.
             Slain by a gnoll
             ... wielding a +3 club
              (10 damage)
             ... on level 1 of the Dungeon.
             The game lasted 00:03:08 (3153 turns).

polve the Changer (Draconian Transmuter)            Turns: 3153, Time: 00:03:09

Health: -2/28      AC:  5    Str: 12    XL:     3   Next: 37%
Magic:  5/6        EV: 12    Int: 14    God:
Gold:   107        SH:  0    Dex: 11    Spells: 3/6 levels left

rFire    . . .     SeeInvis .     - Unarmed
rCold    . . .     Faith    .   (no shield)
rNeg     . . .     Spirit   .   (armour unavailable)
rPois    .         Reflect  .   (helmet currently unavailable)
rElec    .         Harm     .   (no cloak)
rCorr    .         Rampage  .   (no gloves)
Will     .....                  (boots currently unavailable)
Stlth    +.........             (no amulet)
HPRegen  0.09/turn              (no ring)
MPRegen  0.10/turn              (no ring)

@: appendages (expiring)
A: horns 2, talons 2, AC +5, unfitting armour, cold-blooded
a: End Transformation


You were on level 1 of the Dungeon.
You had temporarily grown beastly horns and talons.
You visited 1 branch of the dungeon, and saw 3 of its levels.

You collected 107 gold pieces.

Inventory:

Missiles
 a - 4 boomerangs of dispersal
 c - a throwing net
Armour
 l - a +0 cloak
Jewellery
 j - an amulet of magic regeneration
Scrolls
 b - a scroll of brand weapon {unknown}
 f - a scroll of vulnerability {unknown}
 g - a scroll of teleportation {unknown}
 m - a scroll of amnesia {unknown}
Potions
 d - a potion of heal wounds {unknown}
 e - 3 potions of curing {unknown}
 h - 2 potions of haste {unknown}
 i - 2 potions of lignification {unknown}
 k - a potion of resistance {unknown}


   Skills:
 - Level 1.1 Fighting
 - Level 1.7 Dodging
 - Level 3.0 Unarmed Combat
 - Level 2.0 Spellcasting
 + Level 3.8 Transmutations


You had 3 spell levels left.
You knew the following spells:

 Your Spells              Type           Power      Damage    Failure   Level
a - Beastly Appendage     Tmut           24%        N/A       4%          1
b - Wereblood             Tmut           12%        N/A       8%          2

Your spell library contained the following spells:

 Spells                   Type           Power      Damage    Failure   Level
 Spider Form              Tmut/Pois      3%         N/A       32%         3
 Ice Form                 Ice/Tmut       6%         N/A       71%         4
 Hydra Form               Tmut           6%         N/A       80%         5


Dungeon Overview and Level Annotations

Branches:
Dungeon (3/15)

Altars:
Cheibriados
Nemelex Xobeh
Yredelemnul

Shops:
D:3 (


Innate Abilities, Weirdness & Mutations

You have temporarily grown beastly horns and talons.
Your plain brown scales are hard. (AC +5)
You cannot fit into any form of body armour.
You are cold-blooded and may be slowed by cold attacks.


Message History

You headbutt the gnoll, but do no damage.
The gnoll is lightly wounded.
The gnoll hits you with a +3 club!
* * * LOW HITPOINT WARNING * * *
Your transformation is almost over.
You see here a +0 long sword.
Your horns disappear.
Your talons disappear.
You see here 23 stones.
There is a stone staircase leading up here.
The gnoll barely misses you.
You climb upwards.
There is a stone staircase leading down here.
There is an open door here.
Casting: Beastly Appendage (safe; 4% risk of failure)
Confirm with . or Enter, or press ? or * to list all spells.
You grow a pair of large bovine horns.
Your feet morph into talons.
Your transformation is almost over.
The gnoll hits you with a +3 club.
You hit the gnoll.
The gnoll is moderately wounded.
The gnoll completely misses you.
You hit the gnoll but do no damage. Your kick misses the gnoll.
You headbutt the gnoll, but do no damage.
The gnoll is moderately wounded.
The gnoll barely misses you.
You hit the gnoll but do no damage.
The gnoll is moderately wounded.
The gnoll hits you with a +3 club.
* * * LOW HITPOINT WARNING * * *
You closely miss the gnoll. You claw the gnoll.
The gnoll is moderately wounded.
The gnoll hits you but does no damage.
You barely miss the gnoll. You claw the gnoll, but do no damage.
You headbutt the gnoll.
Your tail-slap misses the gnoll.
The gnoll is heavily wounded.
The gnoll hits you but does no damage.
You barely miss the gnoll.
The gnoll is heavily wounded.
The gnoll hits you with a +3 club!
You die...

##......#....†######.#.##
##......#.....######...######
##......#.....#.............#
##......#.....#.####...####.#
#.......#.......####.#.###..#
#.......#.........#.###.##.###
........####.......#####.#...#
........# #.....g...# #...#.#
......### #....@....###...#.#
....### #.........##......#
.....# #.........+...#####
.....## #.........##.##
......# #.........##.#
##.##.######.........##.#
.........>.'..........#.#
.....#..####..........#.#
.....#..# ####.........#


You could see a gnoll.

Vanquished Creatures
  2 worms (D:3)
  A dart slug (D:2)
  5 ball pythons
  4 bats
  4 endoplasms
  3 goblins
  4 hobgoblins
  3 jackals (D:1)
  A frilled lizard (D:2)
  4 kobolds
  2 rats (D:2)
33 creatures vanquished.

Notes
Turn   | Place    | Note
-------+----------+-------------------------------------------
     0 | D:1      | polve the Draconian Transmuter began the quest for the Orb.
     0 | D:1      | Reached XP level 1. HP: 16/16 MP: 3/3
     2 | D:1      | Noticed a demigod
     2 | D:1      | Noticed a merfolk
     4 | D:1      | Noticed a ghoul
     6 | D:1      | Noticed a palentonga
     8 | D:1      | Noticed a spriggan
     8 | D:1      | Noticed an octopode
    10 | D:1      | Noticed a human
    10 | D:1      | Noticed a barachi
    12 | D:1      | Noticed a vampire
    12 | D:1      | Noticed a centaur
    14 | D:1      | Noticed a felid
    14 | D:1      | Noticed a demonspawn
    16 | D:1      | Noticed an elf
    16 | D:1      | Noticed a tengu
    18 | D:1      | Noticed a naga
    20 | D:1      | Noticed a dwarf
    20 | D:1      | Noticed a gargoyle
    22 | D:1      | Noticed an ogre
    22 | D:1      | Noticed a vine stalker
    25 | D:1      | Noticed a formicid
    25 | D:1      | Noticed a draconian
    27 | D:1      | Noticed a minotaur
    27 | D:1      | Noticed a troll
   214 | D:1      | Found a faded altar of an unknown god.
   656 | D:1      | Reached XP level 2. HP: 23/23 MP: 3/5
  1188 | D:2      | You fall into a shaft and drop 1 floor!
  1241 | D:3      | Reached XP level 3. HP: 18/28 MP: 6/6
  2628 | D:3      | Found a snail-covered altar of Cheibriados.
  2631 | D:3      | Found a sparkling altar of Nemelex Xobeh.
  2634 | D:3      | Found a basalt altar of Yredelemnul.
  2965 | D:3      | Learned a level 2 spell: Wereblood
  2967 | D:3      | Found Atyot's Antique Weapon Shoppe.
  3153 | D:1      | Slain by a gnoll

Illustrated notes

Levels and vault maps discovered:
D:1:      kb_arrival_jail, layout_basic, basic_ecumenical_altar,
          hex_intersection
D:2:      layout_basic
D:3:      layout_rooms, minmay_overflow_temple_star_quad, serial_shops, shop,
          nicolae_underground_beach

Skill      XL: |  1  2 |
---------------+-------+-----
Transmutations | 3 |  3.8
Fighting       | |  1.1
Dodging        | |  1.7
Unarmed Combat | |  3.0
Spellcasting   | |  2.0

Action                   || total
-------------------------++-------
Melee: Unarmed           ||    97
       Headbutt          ||    13
       Kick              ||    21
       Tailslap          ||    10
       Punch             ||     1
 Cast: Beastly Appendage ||    28
  Use: Potion            ||     1
 Stab: Sleeping          ||     1
Armor: Skin              ||    29
Dodge: Dodged            ||    56

Table legend: (Time is in decaauts)
 A = Elapsed time spent in this place.
 B = Non-inter-level travel time spent in this place.
 C = Inter-level travel time spent in this place.
 D = Time resting spent in this place.
 E = Time spent auto-exploring this place.
 F = Levels seen in this place.
 G = Mean time per level.
                   A        B        C        D        E       F      G
               +--------+--------+--------+--------+--------+-----+--------+
         Total |   3151 |   3076 |     75 |      0 |   2604 |   3 | 1050.3 |
       Dungeon |   3151 |   3076 |     75 |      0 |   2604 |   3 | 1050.3 |
               +--------+--------+--------+--------+--------+-----+--------+

Top non-repeatable levels by time:
     D:2: 1799 daAuts
     D:1: 814 daAuts
     D:3: 536 daAuts
